[Event "Olimpiade 2024 - Donne"]
[Site "Budapest"]
[Date "22.09.2024"]
[Round "11.67"]
[White "Aini, Munthazim"]
[Black "Belgarde, Roudena"]
[Result "0-1"]
[WhiteElo "1536"]
[BlackElo "1540"]
[ECO "C53"]
[Opening "Giuoco Piano"]
[TimeControl "5400/40+30:1800"]
[EventDate "2024.09.11"]
[Board "4"]
[WhiteFideId "16702565"]
[BlackFideId "11900695"]
[WhiteTeam "Maldives"]
[BlackTeam "Haiti"]

1. e4 e5 2. Nf3 Nc6 3. Bc4 Bc5 4. c3 Nf6 5. d3 d5 6. exd5 Nxd5 7. Qb3 Nce7
8. Qb5+ c6 9. Qxc5 O-O 10. Nxe5 Qc7 11. d4 b6 12. Qa3 c5 13. Bxd5 Nxd5 14.
Qb3 Bb7 15. O-O Rfe8 16. Nd2 Nf4 17. Ndf3 Ne2+ 18. Kh1 Nxc1 19. Raxc1 Rad8
20. dxc5 Rxe5 21. Nxe5 Qxe5 22. Rcd1 Re8 23. cxb6 axb6 24. Rfe1 Qxe1+ 0-1

[Event "Olimpiade 2024 - Donne"]
[Site "Budapest"]
[Date "22.09.2024"]
[Round "11.68"]
[White "Wahid, Chelsea"]
[Black "Lieketseng, Ngatane"]
[Result "1/2-1/2"]
[WhiteElo "1482"]
[BlackElo "1651"]
[ECO "D60"]
[Opening "QGD"]
[Variation "Orthodox defence"]
[TimeControl "5400/40+30:1800"]
[EventDate "2024.09.11"]
[Board "1"]
[WhiteFideId "23000627"]
[BlackFideId "21300585"]
[WhiteTeam "Saint Lucia"]
[BlackTeam "Lesotho"]

1. d4 d5 2. c4 e6 3. Nc3 Nf6 4. Bg5 Be7 5. Nf3 O-O 6. e3 Nbd7 7. cxd5 exd5
8. Bd3 c6 9. O-O Nh5 10. Bxe7 Qxe7 11. Re1 f5 12. Qc2 Qf6 13. b4 a6 14. a4
Nb6 15. Ne5 g6 16. f4 Qd6 17. Reb1 Be6 18. Ne2 Rfc8 19. Qc5 Qd8 20. Nc1 Ng7
21. Nb3 Ne8 22. Qc2 Qe7 23. Nc5 Nd6 24. a5 Nbc4 25. Qe2 Nxe5 26. fxe5 Ne4
27. Bxe4 fxe4 28. Rf1 Rf8 29. Rxf8+ Rxf8 30. Rf1 Rxf1+ 31. Qxf1 Bc8 32. Qf6
Qxf6 33. exf6 Kf7 34. h3 Kxf6 35. g4 h5 36. gxh5 gxh5 37. Kg2 h4 38. Kh2
Ke7 39. Kg2 Kd6 40. Kh2 Kc7 1/2-1/2

[Event "Olimpiade 2024 - Donne"]
[Site "Budapest"]
[Date "22.09.2024"]
[Round "11.68"]
[White "Lintle, Molise"]
[Black "Richards, Trisann"]
[Result "1/2-1/2"]
[WhiteElo "1583"]
[BlackElo "1653"]
[ECO "D04"]
[Opening "Queen's pawn game"]
[TimeControl "5400/40+30:1800"]
[EventDate "2024.09.11"]
[Board "4"]
[WhiteFideId "21303185"]
[BlackFideId "23000058"]
[WhiteTeam "Lesotho"]
[BlackTeam "Saint Lucia"]

1. Nf3 d5 2. d4 Nf6 3. e3 Bf5 4. Bd3 Bxd3 5. Qxd3 e6 6. Nbd2 c5 7. dxc5
Bxc5 8. Qb5+ Nbd7 9. Qxb7 O-O 10. O-O Bb6 11. Qa6 Qc7 12. c3 Nc5 13. Qe2
Nce4 14. Nxe4 Nxe4 15. Nd2 Qe5 16. Nxe4 Qxe4 17. Rd1 Rac8 18. Qd3 Qh4 19.
Bd2 Rc4 20. f3 Qh5 21. Be1 Bc7 22. Bg3 Bxg3 23. hxg3 Qe5 24. Kf2 Rb8 25.
Rab1 f5 26. Rh1 g6 27. Rh4 Rbc8 28. Rxc4 Rxc4 29. Rh1 Qf6 30. Qd1 a5 31.
Qb3 Qd8 32. Qb7 Qc7 33. Qxc7 Rxc7 34. Ke2 a4 35. Kd3 Kg7 36. Rh4 Ra7 37.
Rb4 Kf6 38. c4 Ke5 39. f4+ Kd6 40. cxd5 Kc5 41. a3 Kxd5 42. Rb5+ Kc6 43.
Rb4 h6 44. Rc4+ Kb5 45. Rb4+ Kc5 46. e4 Rd7+ 47. Ke3 Ra7 48. exf5 exf5 49.
Kf3 h5 50. Ke3 1/2-1/2

[Event "Olimpiade 2024 - Donne"]
[Site "Budapest"]
[Date "22.09.2024"]
[Round "11.69"]
[White "Asha, Huang Limboo"]
[Black "Strade, Arita"]
[Result "0-1"]
[WhiteElo "1420"]
[BlackElo "1946"]
[ECO "C41"]
[Opening "Philidor's defence"]
[TimeControl "5400/40+30:1800"]
[EventDate "2024.09.11"]
[Board "1"]
[WhiteFideId "17500753"]
[BlackFideId "11603437"]
[WhiteTeam "Bhutan"]
[BlackTeam "Guernsey"]

1. e4 d6 2. Nf3 e5 3. Nc3 Nf6 4. Bc4 Be7 5. d3 c6 6. a3 O-O 7. Be3 d5 8.
Bb3 d4 9. Nxe5 dxe3 10. fxe3 Qc7 11. d4 Nbd7 12. Nd3 Nb6 13. Ne5 Be6 14.
Bxe6 fxe6 15. Qe2 Rad8 16. O-O-O c5 17. g4 cxd4 18. exd4 a6 19. g5 Nfd7 20.
g6 Nxe5 21. gxh7+ Kh8 22. dxe5 Rxd1+ 23. Kxd1 Qxe5 24. Rg1 Qd4+ 25. Kc1
Qxg1+ 26. Nd1 Rd8 27. c3 Bg5+ 28. Kc2 Rd2+ 29. Qxd2 Bxd2 30. Kxd2 Nc4+ 31.
Kc2 Ne3+ 32. Nxe3 Qxe3 33. b4 Qxe4+ 34. Kb3 b5 35. a4 Qc4+ 36. Kb2 bxa4 37.
Ka3 Qb3# 0-1

[Event "Olimpiade 2024 - Donne"]
[Site "Budapest"]
[Date "22.09.2024"]
[Round "11.69"]
[White "Yeshey, Lhaden"]
[Black "Denning, Julie L"]
[Result "0-1"]
[WhiteElo "1514"]
[BlackElo "1741"]
[ECO "A45"]
[Opening "Queen's pawn game"]
[TimeControl "5400/40+30:1800"]
[EventDate "2024.09.11"]
[Board "3"]
[WhiteFideId "17501237"]
[BlackFideId "10700129"]
[WhiteTeam "Bhutan"]
[BlackTeam "Guernsey"]

1. d4 Nf6 2. Bf4 g6 3. Nc3 Bg7 4. Qd2 O-O 5. Bh6 d6 6. Bxg7 Kxg7 7. O-O-O
Nbd7 8. e4 e5 9. Nf3 Re8 10. Ng5 exd4 11. Qxd4 Ne5 12. f4 Nc6 13. Qf2 h6
14. e5 Ng4 15. Qg3 hxg5 16. h4 gxf4 17. Qxf4 Ncxe5 18. Ne4 Bf5 19. h5 Bxe4
20. Qxe4 Nf2 21. h6+ Kh7 22. Qf4 Nxh1 23. g4 Rf8 24. g5 Nf2 25. Rd2 Nfg4
26. Bh3 Qd7 27. Qf1 Qf5 28. Qxf5 gxf5 0-1

[Event "Olimpiade 2024 - Donne"]
[Site "Budapest"]
[Date "22.09.2024"]
[Round "11.70"]
[White "Kponsou, Afiwa"]
[Black "Mehak, Gul"]
[Result "0-1"]
[WhiteElo "1453"]
[BlackElo "1710"]
[ECO "A07"]
[Opening "Reti"]
[Variation "King's Indian attack (Barcza system)"]
[TimeControl "5400/40+30:1800"]
[EventDate "2024.09.11"]
[Board "3"]
[WhiteFideId "21204047"]
[BlackFideId "7800908"]
[WhiteTeam "Togo"]
[BlackTeam "Pakistan"]

1. Nf3 d5 2. g3 Nf6 3. Bg2 Bf5 4. d3 e6 5. O-O h6 6. a4 Bd6 7. Nbd2 c5 8.
Re1 Bh7 9. e4 dxe4 10. dxe4 Bc7 11. e5 Nd5 12. c3 Nc6 13. Nf1 O-O 14. b3
Nxc3 15. Qxd8 Rfxd8 16. Ba3 b6 17. N3d2 Nd5 18. Nc4 Nd4 19. Nfe3 Nxb3 20.
Rad1 Nxe3 21. Rxd8+ Rxd8 22. Rxe3 Nd4 23. Be4 Bxe4 24. Rxe4 Nf3+ 25. Kg2
Nd2 26. Nxd2 Rxd2 27. Bc1 Rd5 28. f4 a6 29. Kf2 b5 30. axb5 axb5 31. Ke2
Ba5 32. Re3 b4 33. Rd3 Kf8 34. Kd2 Ke7 35. Kc2 c4 36. Rxd5 exd5 37. Be3 Ke6
38. Bd4 g5 39. fxg5 hxg5 40. h4 gxh4 41. gxh4 Kf5 42. Be3 Bd8 43. h5 Kxe5
44. h6 Bf6 45. Bc5 b3+ 46. Kb1 Kf5 47. Bf8 Kg6 0-1

[Event "Olimpiade 2024 - Donne"]
[Site "Budapest"]
[Date "22.09.2024"]
[Round "11.71"]
[White "Sele, Timea"]
[Black "Spinola, Divania"]
[Result "1-0"]
[WhiteElo "1699"]
[BlackElo "1583"]
[ECO "D35"]
[Opening "QGD"]
[Variation "exchange, positional line"]
[TimeControl "5400/40+30:1800"]
[EventDate "2024.09.11"]
[Board "1"]
[WhiteFideId "1343424"]
[BlackFideId "23600551"]
[WhiteTeam "Liechtenstein"]
[BlackTeam "Cape Verde"]

1. d4 d5 2. c4 e6 3. Nc3 Nf6 4. cxd5 exd5 5. Bg5 Be7 6. e3 h6 7. Bh4 O-O 8.
Bd3 a6 9. Nge2 Nc6 10. Rc1 Be6 11. O-O Bd6 12. f3 Re8 13. Bf2 Bd7 14. e4
dxe4 15. fxe4 Be7 16. e5 Nh5 17. Bb1 Bg5 18. Qd3 g6 19. Rcd1 Bf5 20. Ne4
Rb8 21. N2g3 Nf4 22. Qf3 Ne7 23. h4 Qc8 24. hxg5 hxg5 25. Nxf5 Qxf5 26.
Nf6+ 1-0

[Event "Olimpiade 2024 - Donne"]
[Site "Budapest"]
[Date "22.09.2024"]
[Round "11.74"]
[White "Shariff, Sasha Christina"]
[Black "Kovacova, Zuzana"]
[Result "0-1"]
[WhiteElo "1538"]
[BlackElo "2020"]
[ECO "C45"]
[Opening "Scotch game"]
[TimeControl "5400/40+30:1800"]
[EventDate "2024.09.11"]
[Board "1"]
[WhiteFideId "19700687"]
[BlackFideId "14901510"]
[WhiteTeam "Guyana"]
[BlackTeam "Bermuda"]

1. e4 e5 2. Nf3 Nc6 3. d4 exd4 4. Nxd4 g6 5. Nc3 Bg7 6. Be3 d6 7. Bb5 Bd7
8. O-O Nf6 9. f3 O-O 10. Qd2 Re8 11. Rfe1 Ne5 12. Qe2 c6 13. Bd3 a6 14. Nb3
b5 15. Qf2 b4 16. Nb1 c5 17. N1d2 Be6 18. Be2 Qc7 19. f4 Neg4 20. Bxg4 Nxg4
21. Qg3 Nxe3 22. Qxe3 Bxb2 23. Rab1 Bc3 24. a3 a5 25. axb4 axb4 26. Re2 Ra2
27. Nf3 Bc4 28. Rf2 Bd5 29. e5 Bxf3 30. Qxf3 dxe5 31. fxe5 Rxe5 32. Rd1
Re1+ 33. Rxe1 Bxe1 34. Re2 Bc3 0-1

[Event "Olimpiade 2024 - Donne"]
[Site "Budapest"]
[Date "22.09.2024"]
[Round "11.74"]
[White "Cancino, Shiela"]
[Black "Joshi, Aditi Narayan"]
[Result "0-1"]
[WhiteElo "1663"]
[BlackElo "1546"]
[ECO "D04"]
[Opening "Queen's pawn game"]
[TimeControl "5400/40+30:1800"]
[EventDate "2024.09.11"]
[Board "2"]
[WhiteFideId "8800448"]
[BlackFideId "19702647"]
[WhiteTeam "Bermuda"]
[BlackTeam "Guyana"]

1. d4 Nf6 2. Nf3 d5 3. e3 c5 4. dxc5 Qa5+ 5. Nbd2 Qxc5 6. c4 e6 7. a3 dxc4
8. Bxc4 b5 9. b4 Qb6 10. Ba2 Bb7 11. Bb2 Nbd7 12. O-O Bd6 13. Rc1 e5 14.
Ng5 O-O 15. Bb1 Rac8 16. e4 h6 17. Ngf3 Rxc1 18. Bxc1 Rc8 19. Qb3 Ng4 20.
h3 Ngf6 21. Nh4 Nf8 22. Nf5 Ne6 23. Qg3 Nh5 24. Qg4 Nf6 25. Qh4 Nf4 26. Kh2
Kf8 27. Qg3 N4h5 28. Qf3 Rc6 29. Rd1 Bc8 30. g4 Nf4 31. Nf1 Bxf5 32. gxf5
Rc3 33. Ne3 Qc7 34. Bb2 Rc6 35. Rg1 a5 36. Qg3 N4h5 37. Qg2 Ke8 38. Ba2
axb4 39. Nd5 Nxd5 40. Bxd5 Rc2 41. Ba1 Qa7 42. Qg4 Qxf2+ 43. Rg2 Qf4+ 44.
Qxf4 Rxg2+ 45. Kxg2 Nxf4+ 46. Kg3 Nxd5 47. exd5 bxa3 48. Kf3 b4 49. Ke3 b3
50. Bc3 b2 0-1

[Event "Olimpiade 2024 - Donne"]
[Site "Budapest"]
[Date "22.09.2024"]
[Round "11.74"]
[White "Clement, Ciel Desiree"]
[Black "Gontcharova, Olga"]
[Result "1-0"]
[WhiteElo "1460"]
[BlackElo "1567"]
[ECO "C41"]
[Opening "Philidor"]
[Variation "exchange variation"]
[TimeControl "5400/40+30:1800"]
[EventDate "2024.09.11"]
[Board "3"]
[WhiteFideId "19702124"]
[BlackFideId "8801312"]
[WhiteTeam "Guyana"]
[BlackTeam "Bermuda"]

1. e4 d6 2. Nf3 e5 3. d4 exd4 4. Nxd4 Nf6 5. Nc3 Nbd7 6. Bc4 Ne5 7. Bb3 g6
8. O-O Bg7 9. h3 O-O 10. f4 Ned7 11. f5 Re8 12. fxg6 hxg6 13. Bg5 Nc5 14.
Qf3 Ncd7 15. Nd5 b6 16. Nxf6+ Bxf6 17. Nc6 Ne5 18. Nxe5 Rxe5 19. Bxf6 Qe8
20. Bxe5 dxe5 21. Bxf7+ Qxf7 22. Qxf7+ Kh8 23. Qf8+ Kh7 24. Rf7# 1-0

[Event "Olimpiade 2024 - Donne"]
[Site "Budapest"]
[Date "22.09.2024"]
[Round "11.76"]
[White "Lima, Izidora Lourenco"]
[Black "Al Aisaee, Anat"]
[Result "0-1"]
[WhiteElo "1579"]
[BlackElo "1608"]
[ECO "B45"]
[Opening "Sicilian"]
[Variation "Taimanov variation"]
[TimeControl "5400/40+30:1800"]
[EventDate "2024.09.11"]
[Board "1"]
[WhiteFideId "16900200"]
[BlackFideId "22009752"]
[WhiteTeam "Sao Tome and Principe"]
[BlackTeam "Oman"]

1. e4 c5 2. Nf3 e6 3. Nc3 Nc6 4. d4 cxd4 5. Nxd4 Nf6 6. a3 Be7 7. Be2 O-O
8. O-O a6 9. Be3 Qc7 10. f4 d6 11. Qe1 Bd7 12. Qg3 Nxd4 13. Bxd4 Bc6 14.
Bf3 Rfd8 15. Kh1 Rac8 16. Rae1 Kh8 17. Rf2 Bf8 18. Rfe2 Nd7 19. Bg4 Rb8 20.
Nd1 Nc5 21. Nf2 d5 22. Bh3 Rbc8 23. exd5 Bxd5 24. c3 Qc6 25. f5 Re8 26. Qg5
e5 27. Bxc5 f6 28. Qh4 Bxc5 29. c4 Bxf2 30. Rxf2 Qxc4 31. Qxc4 Rxc4 32. Kg1
Rec8 33. Rd2 Bc6 34. g3 Kg8 35. Bf1 Re4 36. Rxe4 Bxe4 37. g4 Kf8 38. Bg2
0-1

[Event "Olimpiade 2024 - Donne"]
[Site "Budapest"]
[Date "22.09.2024"]
[Round "11.77"]
[White "Ruddy, Rachel"]
[Black "Maly, Inthavong"]
[Result "1-0"]
[WhiteElo "1662"]
[BlackElo "1633"]
[ECO "C44"]
[Opening "King's pawn game"]
[TimeControl "5400/40+30:1800"]
[EventDate "2024.09.11"]
[Board "1"]
[WhiteFideId "15600599"]
[BlackFideId "17701651"]
[WhiteTeam "Jersey"]
[BlackTeam "Laos"]

1. e4 e5 2. Nf3 Nc6 3. d3 d5 4. Nbd2 d4 5. Nc4 Bd6 6. c3 Bg4 7. Be2 Nf6 8.
Qb3 b6 9. O-O O-O 10. Qc2 Qd7 11. a4 a6 12. h3 Be6 13. Nxd6 Qxd6 14. Nh2
Na5 15. Bg5 Nd7 16. b4 Nb7 17. f4 f6 18. fxe5 fxe5 19. Nf3 c5 20. b5 Na5
21. c4 Nb7 22. Qd2 Nd8 23. Qe1 Nf7 24. Bd2 a5 25. Qg3 Nf6 26. Nh4 Qe7 27.
Rf2 Ra7 28. Raf1 Nd7 29. Bh5 Raa8 30. Bxf7+ Rxf7 31. Rxf7 Bxf7 32. Nf5 Qf8
33. Nh6+ Kh8 34. Nxf7+ Kg8 35. Nh6+ 1-0